AoeStats
← DocPee

Golden Pit

508709714Analyzed
1v1 RM · 8d ago on Sep 23, 2026· 55m 42s· 2 players
Game mode
Random Map
Map size
Tiny (2 player)
Population
200
Speed
Normal
Resources
Standard
Victory
Conquest
Starting age
Dark Age
Ending age
Imperial Age
RankedLock teamsTeams togetherTeam positionsShared explorationLock speedFull tech treeHidden civsTurbo modeCheats
Victory
Defeat
🇩🇪 Japanese · Germany
773
+15
🇺🇸 Spanish · United States
755
-15
cecm111
12:47 Feudal Age
11:07 Loom
17:20 Castle Age
34:43 Padded Archer Armor
34:54 Forging
34:50 Scale Barding Armor
37:10 Horse Collar
37:51 Double-Bit Axe
38:57 Chain Barding Armor
38:53 Leather Archer Armor
39:13 Iron Casting
39:42 Husbandry
40:37 Bloodlines
40:29 Town Watch
46:41 Town Patrol
50:37 Gold Mining
DocPee
7:39 Loom
10:15 Feudal Age
11:52 Double-Bit Axe
15:07 Man-at-Arms
17:01 Gold Mining
17:01 Horse Collar
25:40 Castle Age
24:20 Forging
24:11 Scale Mail Armor
25:48 Long Swordsman
27:09 Squires
28:43 Elite Skirmisher
29:16 Fletching
33:25 Heavy Plow
34:08 Wheelbarrow
35:54 Bodkin Arrow
36:49 Thumb Ring
38:33 Hand Cart
38:38 Padded Archer Armor
39:17 Bow Saw
40:16 Gold Shaft Mining
39:34 Stone Mining
45:10 Imperial Age
46:19 Light Cavalry
47:10 Bloodlines
49:42 Conscription
49:44 Kataparuto
51:42 Scale Barding Armor
51:54 Chain Mail Armor
52:15 Iron Casting
52:13 Elite Samurai
Connection lost

Rejoining the realm…

Still unreachable

The connection could not be restored.

Session expired

The server has moved on; the page needs a fresh start.